 Dungeon Crawl Stone Soup version 0.29.1-2-gbd0b4ee654 (webtiles) character file.

Game seed: 1650465687978064709

2963 Icepheonix32 the Transmogrifier (level 9, -5/51 (53) HPs)
             Began as an Octopode Transmuter on Nov 18, 2022.
             Was an Initiate of Gozag.
             Killed by nerve-wracking pain
             ... invoked by an orc priest
              (11 damage)
             ... on level 8 of the Dungeon.
             The game lasted 00:18:01 (9413 turns).

Icepheonix32 the Transmogrifier (OpTm)              Turns: 9413, Time: 00:18:03

HP:   -5/51 (53)    AC:  2    Str:  9    XL:     9   Next: 81%
MP:   9/11          EV: 21    Int: 23    God:    Gozag
Gold: 792           SH:  5    Dex: 20    Spells: 4/13 levels left

rFire   . . .      SeeInvis .     - Unarmed
rCold   . . .      Faith    .   (shield currently unavailable)
rNeg    . . .      Spirit   .   (helmet currently unavailable)
rPois   x          Reflect  +   a - amulet of reflection
rElec   .          Harm     .   l - +6 ring of intelligence
rCorr   .          Rampage  .   (no ring)
Will    .....                   (no ring)
Stlth   +++.......              (no ring)
HPRegen 0.17/turn               (no ring)
MPRegen 0.12/turn               (no ring)
                                (no ring)
                                (no ring)

@: spider-form, gold aura, lightly drained
A: venomous fangs, almost no armour, (amphibious), 8 rings, tiny, (camouflage
1), (gelatinous body 1), (nimble swimmer 1), (tentacles), (iridescent scales 1),
(cold resistance 1), low MP 1
a: End Transformation, Renounce Religion, Potion Petition, Call Merchant, Bribe
Branch


You were on level 8 of the Dungeon.
You worshipped Gozag.
Gozag was pleased with you.
You were a venomous arachnid creature.
You visited 2 branches of the dungeon, and saw 9 of its levels.

You collected 836 gold pieces.
You paid 44 gold pieces to Gozag.

Inventory:

Missiles
 i - 2 javelins
Jewellery
 a - an amulet of reflection (around neck)
 c - a +6 ring of dexterity
 f - a ring of ice
 h - an amulet of regeneration
 l - a +6 ring of intelligence (left front leg)
 w - an amulet of guardian spirit
Wands
 m - a wand of flame (23)
 o - a wand of acid (3)
 q - a wand of digging (3)
Scrolls
 b - a scroll of immolation
 d - 3 scrolls of poison
 j - a scroll of magic mapping
 n - 2 scrolls of vulnerability
 u - 3 scrolls of identify
Potions
 e - 2 potions of resistance
 g - a potion of magic
 k - a potion of brilliance
 p - 2 potions of haste
 r - 2 potions of heal wounds
 s - 2 potions of curing
 t - a potion of ambrosia
 x - a potion of invisibility
 A - a potion of lignification
 B - a potion of might


   Skills:
 + Level 1.1 Fighting
 * Level 3.5 Dodging
 + Level 3.1 Stealth
 + Level 4.2 Unarmed Combat
 + Level 2.5 Spellcasting
 * Level 9.9 Transmutations
 + Level 3.5 Fire Magic
 + Level 7.2 Poison Magic


You had 4 spell levels left.
You knew the following spells:

 Your Spells              Type           Power      Damage    Failure   Level
a - Beastly Appendage     Tmut           96%        N/A       2%          1
b - Spider Form           Tmut/Pois      42%        N/A       5%          3
c - Ignite Poison         Fire/Tmut/Pois 34%        N/A       8%          3
d - Wereblood             Tmut           48%        N/A       2%          2

Your spell library contained the following spells:

 Spells                   Type           Power      Damage    Failure   Level
 Scorch                   Fire           38%        2d7       13%         2
 Foxfire                  Conj/Fire      44%        2x1d6     17%         1
 Slow                     Hex            8%         N/A       28%         1
 Ice Form                 Ice/Tmut       25%        N/A       34%         4
 Conjure Flame            Conj/Fire      11%        6-21      36%         3
 Inner Flame              Hex/Fire       11%        N/A       36%         3
 Confusing Touch          Hex            2%         N/A       58%         3
 Vampiric Draining        Necr           2%         2d6       58%         3
 Flame Wave               Conj/Fire      11%        2d6       71%         4
 Sticky Flame             Conj/Fire      11%        2d3       71%         4
 Freezing Cloud           Conj/Ice/Air   1%         6-21      99%         5
 Summon Cactus Giant      Summ           1%         N/A       100%        6
 Polar Vortex             Ice            1%         N/A       100%        9
 Simulacrum               Ice/Necr       Unusable   N/A       N/A         6

Dungeon Overview and Level Annotations

Branches:
Dungeon (8/15)             Temple (1/1) D:4
   Lair: D:8-11

Altars:
Ashenzari
Cheibriados
Dithmenos
Elyvilon
Fedhas
Gozag
Hepliaklqana
Kikubaaqudgha
Makhleb
Nemelex Xobeh
Okawaru
Qazlal
Ru
Sif Muna
Trog
Uskayaw
Vehumet
Wu Jian
Xom
Yredelemnul
Zin
The Shining One

Shops:
D:4 :   D:7 *


Innate Abilities, Weirdness & Mutations

You are a venomous arachnid creature.
You have poisonous fangs.
You are tiny and dextrous.
Your spellcasting is less reliable in this form.
Your armour is entirely melded.
You are incapable of wielding weapons or throwing items.
You cannot wear most types of armour.
((You are amphibious.))
You can wear up to eight rings at the same time.
((Your skin changes colour to match your surroundings (Stealth+).))
((Your rubbery body absorbs attacks. (AC +1, EV +1)))
((You are camouflaged when in or above water. (Stealth+)))
((You have tentacles for arms and can constrict up to eight enemies at once.))
((You are partially covered in iridescent scales. (AC +2)))
((Your flesh is cold resistant. (rC+)))
Your magical capacity is low. (-10% MP)


Message History

You hit the orc.
The orc is almost dead.
You hit the orc.
You kill the orc!
The teleport trap disappears.
The orc disappears!
You hit the orc.
The orc is poisoned.
The orc is heavily wounded.
The orc completely misses you.
You bite the orc!
You kill the orc!
The orc hits you with a +2 mace of draining.
You feel drained.
You hit the orc priest.
The orc priest is poisoned.
The orc priest is moderately wounded.
The orc misses you. You block the orc's attack.
The orc priest closely misses you.
You hit the orc but do no damage. The orc misses you.
The orc hits you with a +0 mace.
The orc priest mumbles some strange prayers to Beogh against you.
Beogh smites you!
You hit the orc.
The orc is heavily wounded.
You kill the orc!
The orc closely misses you.
The orc priest calls upon Beogh to heal the orc.
The orc's wounds heal themselves!
Unknown command.
You hit the ice beast but do no damage. The ice beast hits you.
The ice beast freezes you! The orc hits you with a +0 mace.
* * * LOW HITPOINT WARNING * * *
The orc priest misses you.
You hit the orc priest.
The orc priest looks as sick as possible!
The orc priest is severely wounded.
The orc hits you with a +0 mace.
* * * LOW HITPOINT WARNING * * *
The orc priest calls down the wrath of Beogh upon you.
Pain shoots through your body!
You die...
Your body crumbles into a pile of gold.

#...........###
#.............#
#..............
#..............
...............
#.............#
#......Y.....##
#.....$s.......
#.....oo...##..
#........##..8.
#.......## ...
#8....### .
#....# #8..#
#...


You could see an ice beast, an orc priest (extremely poisoned) and an orc.

Vanquished Creatures
  Grinder (D:3)
  3 yaks
  A steam dragon (D:6)
  A water moccasin (D:6)
  Duvessa (D:4)
  2 ice beasts
  An orc warrior (D:7)
  A sky beast (D:6)
  A black bear (D:6)
  3 ogres
  2 centaurs
  A phantom (D:7)
  A kobold brigand (D:6)
  2 bullfrogs (D:7)
  2 scorpions (D:6)
  3 wights
  Dowan (D:4)
  2 hounds
  A gnoll bouda (D:6)
  A jelly (D:6)
  3 orc priests
  An iguana (D:7)
  6 orc wizards
  A gnoll (D:6)
  3 adders
  A shadow imp (D:7)
  3 ufetubi
  2 worms (D:2)
  4 dart slugs
  19 orcs
  8 endoplasms
  4 giant cockroaches
  6 goblins
  4 hobgoblins
  7 kobolds
  3 quokkas
  7 ball pythons
  3 bats
  A frilled lizard (D:3)
  7 rats
124 creatures vanquished.

Vanquished Creatures (others)
  5 plants (D:4)
5 creatures vanquished.

Grand Total: 129 creatures vanquished

Notes
Turn   | Place    | Note
-------+----------+-------------------------------------------
     0 | D:1      | Icepheonix32 the Octopode Transmuter began the quest for
                  | the Orb.
     0 | D:1      | Reached XP level 1. HP: 13/13 MP: 3/3
   415 | D:1      | Found a faded altar of an unknown god.
   576 | D:1      | Reached XP level 2. HP: 18/18 MP: 3/5
   643 | D:1      | Reached skill level 1 in Stealth
  1654 | D:2      | Reached XP level 3. HP: 23/23 MP: 4/6
  1712 | D:2      | Learned a level 3 spell: Spider Form
  1925 | D:2      | Reached skill level 3 in Transmutations
  2167 | D:2      | Reached skill level 1 in Poison Magic
  2263 | D:3      | Reached XP level 4. HP: 28/28 MP: 5/7
  2359 | D:3      | Noticed Grinder
  2393 | D:3      | Killed Grinder
  2394 | D:3      | Reached skill level 5 in Transmutations
  2394 | D:3      | Reached XP level 5. HP: 33/33 MP: 8/8
  2394 | D:3      | Reached XP level 6. HP: 38/38 MP: 9/9
  2450 | D:3      | Learned a level 3 spell: Ignite Poison
  2858 | D:3      | Found a bloodstained altar of Trog.
  2867 | D:3      | Learned a level 2 spell: Wereblood
  3069 | D:3      | Gained mutation: Your flesh is cold resistant. (rC+)
                  | [potion of mutation]
  3069 | D:3      | Gained mutation: You are partially covered in iridescent
                  | scales. (AC +2) [potion of mutation]
  3069 | D:3      | Gained mutation: Your magical capacity is low. (-10% MP)
                  | [potion of mutation]
  3117 | D:4      | Reached skill level 1 in Fire Magic
  3146 | D:4      | Found a shimmering altar of Xom.
  3166 | D:4      | Noticed Dowan
  3167 | D:4      | Noticed Duvessa
  3177 | D:4      | Killed Dowan
  3178 | D:4      | Reached XP level 7. HP: 34/43 MP: 3/9
  3181 | D:4      | Killed Duvessa
  3182 | D:4      | Reached skill level 6 in Transmutations
  3395 | D:4      | Found a staircase to the Ecumenical Temple.
  3405 | Temple   | Entered the Ecumenical Temple
  3504 | Temple   | Became a worshipper of Gozag Ym Sagoz the Greedy
  4161 | D:4      | Found a stormy altar of Qazlal.
  4189 | D:4      | Found Luph's Tremendous Tomes.
  4578 | D:5      | Entered Level 5 of the Dungeon
  4946 | D:6      | Reached skill level 7 in Transmutations
  4946 | D:6      | Reached XP level 8. HP: 37/48 MP: 7/9
  5399 | D:6      | Found a hazy altar of Hepliaklqana.
  5551 | D:6      | Reached skill level 5 in Poison Magic
  5849 | D:6      | Reached skill level 8 in Transmutations
  6535 | D:6      | Reached XP level 9. HP: 25/53 MP: 7/10
  6774 | D:6      | Reached skill level 9 in Transmutations
  8674 | D:7      | Found a white marble altar of Elyvilon.
  9014 | D:7      | Found a glowing golden altar of the Shining One.
  9120 | D:7      | Found Jupilis's Lightly-Used Armoury.
  9413 | D:8      | Killed from afar by an orc priest

Illustrated notes

Levels and vault maps discovered:
D:1:      beargit_arrival_diablo_church, layout_loops_ring,
          hellmonk_ecumenical_altar_slurped_away, serial_park_tiny_1
D:2:      layout_loops_cross
D:3:      layout_loops_cross, lightli_temple_of_fire, minivault_24,
          chequers_arboretum, minivault_11, uniq_grinder
D:4:      layout_basic, xom_teletrap_fun, lemuel_doored_altar,
          minmay_temple_entry_waves, serial_bayou_pond_c, hex_medium,
          nicolae_shop_i_like_big_books, uniq_duvessa
D:5:      layout_basic, uniq_menkaure
D:6:      wad_river_or_something, layout_loops_ring, kennysheep_mini
D:7:      layout_cave_pools, mainiacjoe_overflow_24_doors,
          kennysheep_little_box, minmay_shop_damaged
D:8:      lemuel_insect_pit, layout_cave_pods, lair_entry_dummy,
          serial_column_ruins, column_ruins_hut, column_ruins_hut_pillars,
          column_ruins_open_large, column_ruins_corridor_corner,
          column_ruins_open_small, column_ruins_corridor_straight,
          column_ruins_corridor_straight, column_ruins_corridor_straight,
          column_ruins_open_small, uniq_erica
Temple:   minmay_temple_bridge_d

Skill      XL: |  1  2  3  4  5  6  7  8  9 |
---------------+----------------------------+-----
Stealth        | 1 3 |  3.1
Transmutations | 3 5 7 8 9 |  9.9
Poison Magic   | 1 3 4 6 7 |  7.2
Fire Magic     | 1 2 3 |  3.5
Dodging        | 3 |  3.5
Unarmed Combat | 4 |  4.2
Fighting       | |  1.1
Spellcasting   | |  2.5

Action                   |  1- 3 |  4- 6 |  7- 9 || total
-------------------------+-------+-------+-------++-------
Melee: Unarmed           |    63 |    74 |   270 ||   407
       Kick              |    22 |     1 |    10 ||    33
       Constrict         |    11 |     6 |     5 ||    22
       Tentacles         |    11 |     4 |    17 ||    32
       Punch             |       |     1 |     1 ||     2
Throw: Javelin           |       |     3 |       ||     3
 Cast: Beastly Appendage |    25 |     5 |     4 ||    34
       Spider Form       |       |     6 |    32 ||    38
       Ignite Poison     |       |     1 |    10 ||    11
       Wereblood         |       |       |     5 ||     5
Evoke: Wand              |       |       |     2 ||     2
  Use: Scroll            |     3 |     3 |     9 ||    15
       Potion            |       |     5 |     3 ||     8
 Stab: Sleeping          |     9 |     3 |     3 ||    15
Armor: Skin              |     3 |    11 |    18 ||    32
Dodge: Dodged            |    21 |    48 |   223 ||   292
Block: Other             |       |       |    75 ||    75
